 Dungeon Crawl Stone Soup version 0.25-b1-41-g1964123 (webtiles) character file.

Game seed: 1786619182939100374

688 Charmandara the Stinger (level 7, -6/46 HPs)
             Began as a Formicid Venom Mage on June 9, 2020.
             Was a Follower of Makhleb.
             Killed by divine providence
             ... invoked by an orc priest
              (11 damage)
             ... on level 5 of the Dungeon.
             The game lasted 00:11:23 (5080 turns).

Charmandara the Stinger (Formicid Venom Mage)       Turns: 5080, Time: 00:11:24

Health: -6/46      AC: 11    Str: 13    XL:     7   Next: 94%
Magic:  12/14      EV: 11    Int: 16    God:    Makhleb [*.....]
Gold:   324        SH:  0    Dex: 11    Spells: 1/14 levels left

rFire    . . .     SeeInvis +   p - +2 mace (protect)
rCold    . . .     Gourm    .   (no shield)
rNeg     . . .     Faith    .   C - +0 leather armour {MR+}
rPois    .         Spirit   .   (helmet unavailable)
rElec    .         Reflect  .   (no cloak)
rCorr    .         Harm     .   y - +0 pair of gloves
MR       +....                  (no boots)
Stlth    ++........             (no amulet)
HPRegen  0.15/turn              (no ring)
MPRegen  0.14/turn              (no ring)

@: mighty, protection aura
A: permanent stasis, dig shafts and tunnels, four strong arms, antennae 3, high
mp 1, MP-powered wands
a: Dig, Shaft Self, Renounce Religion


You were on level 5 of the Dungeon.
You worshipped Makhleb.
Makhleb was aware of your devotion.
You were hungry.

You visited 1 branch of the dungeon, and saw 5 of its levels.

You collected 324 gold pieces.

Inventory:

Hand Weapons
 b - a +0 whip
 f - a +1 short sword of speed
 p - a +2 mace of protection (weapon)
Missiles
 n - 6 curare-tipped darts
 q - 6 poisoned darts (quivered)
 u - 8 boomerangs
 A - 61 arrows
 D - 21 bolts
Armour
 a - a +0 robe
 d - a +0 kite shield
 y - a +0 pair of gloves (worn)
 C - a +0 leather armour of magic resistance (worn)
Magical Staves
 B - an uncursed staff of cold
Wands
 s - a wand of iceblast (5)
Scrolls
 e - a scroll of magic mapping
 k - 4 scrolls of remove curse
 m - a scroll of amnesia
 t - a scroll of teleportation {unknown}
 w - a scroll of fog
Potions
 h - 2 potions of degeneration
 i - a potion of curing
 j - 2 potions of flight
 l - a potion of lignification
 o - a potion of stabbing
 x - a potion of brilliance
Comestibles
 c - 9 rations


   Skills:
 - Level 1.7 Dodging
 - Level 2.4 Stealth
 - Level 4.0 Spellcasting
 - Level 3.5 Conjurations
 - Level 3.0 Transmutations
 - Level 4.0 Fire Magic
 - Level 2.1 Air Magic
 + Level 4.4 Poison Magic


You had one spell level left.
You knew the following spells:

 Your Spells              Type           Power        Failure   Level  Hunger
a - Sting                 Tmut/Pois      ###.         4%          1    None
i - Ignite Poison         Fire/Tmut/Pois ###.....     14%         3    ###....
o - Olgreb's Toxic Radia  Pois           ###.....     34%         4    ####...
v - Poisonous Vapours     Pois/Air       ##....       9%          2    ##.....
x - Mephitic Cloud        Conj/Pois/Air  ##......     16%         3    ###....

Your spell library contained the following spells:

 Spells                   Type           Power        Failure   Level  Hunger


Dungeon Overview and Level Annotations

Branches:
Dungeon (5/15)
 Temple: D:4-7

Altars:
Makhleb
Okawaru
Ru
Trog
Uskayaw
Vehumet
Zin
The Shining One


Innate Abilities, Weirdness & Mutations

You cannot be hasted, slowed, berserked, paralysed or teleported.
You can dig through walls and to a lower floor.
Your four strong arms can wield two-handed weapons with a shield.
You have a pair of large antennae on your head. (SInv)
You have an increased reservoir of magic. (+10% MP)
You expend magic power (3 MP) to strengthen your wands.


Message History

* * * LOW HITPOINT WARNING * * *
The crimson imp hits you.
* * * LOW HITPOINT WARNING * * *
The adder zombie bites you but does no damage.
You sock the adder zombie!
Your weapon exudes an aura of protection.
The adder zombie is heavily damaged.
The crimson imp barely misses you. The adder zombie barely misses you.
The crimson imp shouts, "Remove thy stench, thou pottle-deep motley-minded varlet!"
The crimson imp blinks!
You sock the adder zombie!
You destroy the adder zombie!
Makhleb accepts your kill.
The crimson imp blinks!
Unknown command.
You closely miss the orc priest.
The orc priest is moderately wounded.
The orc priest invokes the aid of Beogh against you.
Beogh smites you!
You die...

..... #........
#........ #.=.....#
# #.....[.######
###.# #............
....#
+........#.######..#
#............$5o@ยง#
#......).##########
#......<.#
#........#
#........#
#........#
#........#
#........#
#........#


You could see an orc priest and a crimson imp.

Vanquished Creatures
  Sigmund (D:2)
  A centaur (D:3)
  A bullfrog (D:4)
  A scorpion (D:4)
  A hound (D:4)
  A jelly (D:4)
  An orc wizard (D:4)
  An iguana (D:5)
  A worker ant (D:4)
  Natasha (thrice) (D:3)
  2 adders (D:2)
  An adder zombie (D:5)
  4 worms
  3 dart slugs
  2 leopard geckos
  8 orcs
  2 giant cockroaches
  8 hobgoblins
  7 jackals
  7 kobolds
  A quokka (D:4)
  2 ball pythons
  9 bats
  11 frilled lizards
  A giant cockroach zombie (D:4)
  5 goblins
  A leopard gecko skeleton (D:3)
  9 rats
95 creatures vanquished.

Notes
Turn   | Place    | Note
-------+----------+-------------------------------------------
     0 | D:1      | Charmandara the Formicid Venom Mage began the quest for the
                  | Orb.
     0 | D:1      | Reached XP level 1. HP: 13/13 MP: 3/3
   197 | D:1      | Reached XP level 2. HP: 18/19 MP: 0/5
   359 | D:1      | Reached XP level 3. HP: 22/24 MP: 4/6
   367 | D:1      | Learned a level 2 spell: Poisonous Vapours
   653 | D:1      | Learned a level 3 spell: Mephitic Cloud
   695 | D:2      | Found a bloodstained altar of Trog.
   803 | D:2      | Found a sacrificial altar of Ru.
   805 | D:2      | Reached skill level 1 in Air Magic
   991 | D:2      | Reached XP level 4. HP: 28/30 MP: 3/7
  1617 | D:2      | Noticed Sigmund
  1638 | D:2      | Killed Sigmund
  1638 | D:2      | Reached XP level 5. HP: 34/35 MP: 0/8
  1638 | D:2      | Reached XP level 6. HP: 40/41 MP: 0/9
  1960 | D:3      | Found a burning altar of Makhleb.
  1970 | D:3      | Found a glowing silver altar of Zin.
  1970 | D:3      | Noticed an angel
  1970 | D:3      | Noticed an Executioner
  1976 | D:3      | Became a worshipper of Makhleb the Destroyer
  2467 | D:3      | Noticed Natasha
  2476 | D:3      | Killed Natasha
  2887 | D:3      | Reached XP level 7. HP: 20/46 MP: 5/12
  3019 | D:3      | Learned a level 4 spell: Olgreb's Toxic Radiance
  3023 | D:3      | Learned a level 3 spell: Ignite Poison
  3141 | D:3      | Noticed Natasha
  3150 | D:3      | Killed Natasha
  3303 | D:3      | Noticed Natasha
  3313 | D:3      | Killed Natasha
  3313 | D:3      | Reached skill level 1 in Fire Magic
  3501 | D:4      | Found a radiant altar of Vehumet.
  3501 | D:4      | Found a hide-covered altar of Uskayaw.
  3501 | D:4      | Found an iron altar of Okawaru.
  3505 | D:4      | Found a transporter.
  3511 | D:4      | Found a transporter.
  3973 | D:4      | Found a glowing golden altar of the Shining One.
  4339 | D:4      | Reached * piety under Makhleb
  4347 | D:4      | Gained mutation: You expend magic power (3 MP) to
                  | strengthen your wands. [potion of mutation]
  4347 | D:4      | Gained mutation: You have an increased reservoir of magic.
                  | (+10% MP) [potion of mutation]
  5026 | D:5      | Entered Level 5 of the Dungeon
  5080 | D:5      | Killed from afar by an orc priest

Illustrated notes

Levels and vault maps discovered:
D:1:      dpeg_arrival_houses_and_road, layout_rooms, serial_curves,
          eino_curves_04, eino_curves_02
D:2:      layout_loops_ring, nicolae_ru_great_annihilating_truth,
          nicolae_overflow_hidden_temple, minmay_octomino_e4, uniq_sigmund
D:3:      layout_basic, grunt_temple_overflow_order_and_chaos_2, first_ration,
          minmay_circle_x, uniq_natasha
D:4:      layout_basic, tso_metal_star, gammafunk_temple_overflow_arena,
          minmay_misc_feat_four_crosses
D:5:      layout_gridville, gammafunk_temple_overflow_wave,
          minmay_temple_entry_gardened_gates, minmay_manual_monolith

Skill      XL: |  1  2  3  4  5  6  7 |
---------------+----------------------+-----
Transmutations | 2 3 |  3.0
Air Magic      | 1 2 |  2.1
Conjurations   | 3 |  3.5
Spellcasting   | 3 4 |  4.0
Fire Magic     | 4 |  4.0
Dodging        | |  1.7
Stealth        | |  2.4
Poison Magic   | |  4.4

Action                   |  1- 3 |  4- 6 |  7- 9 || total
-------------------------+-------+-------+-------++-------
Melee: Whip              |    42 |       |       ||    42
       Short sword       |    12 |    74 |    35 ||   121
       Mace              |       |       |    37 ||    37
 Cast: Sting             |    35 |    50 |    37 ||   122
       Poisonous Vapours |       |     1 |     1 ||     2
       Olgreb's Toxic Ra |       |       |     1 ||     1
Evoke: Wand              |       |     1 |     2 ||     3
  Use: Potion            |       |     3 |     6 ||     9
       Scroll            |       |       |    13 ||    13
 Stab: Sleeping          |     1 |     2 |     1 ||     4
  Eat: Chunk             |     1 |     7 |     6 ||    14
Armor: Robe              |    16 |    11 |     2 ||    29
       Leather armour    |       |       |    29 ||    29
Dodge: Dodged            |    63 |    49 |    63 ||   175
